 Seeded DCSS version 0.28.0 (webtiles) character file.

Game seed: 13591998346360536447 (custom seed)

91 hikkokomori the Shield-Bearer (level 4, -4/37 HPs)
             Began as a Formicid Fighter on Feb 19, 2022.
             Killed from afar by Natasha (7 damage)
             ... with a puff of flame
             ... on level 2 of the Dungeon.
             The game lasted 00:02:22 (2098 turns).

hikkokomori the Shield-Bearer (Formicid Fighter)    Turns: 2098, Time: 00:02:22

Health: -4/37      AC:  7    Str: 23    XL:     4   Next: 88%
Magic:  4/4        EV:  9    Int:  7    God:
Gold:   88         SH:  4    Dex: 10    Spells: 3/3 levels left

rFire   . . .      SeeInvis +   a - +0 long sword
rCold   . . .      Faith    .   c - +0 buckler
rNeg    . . .      Spirit   .   b - +0 scale mail
rPois   .          Reflect  .   (helmet unavailable)
rElec   .          Harm     .   (no cloak)
rCorr   .          Rampage  .   (no gloves)
Will    .....                   (no boots)
Stlth   ..........              (no amulet)
HPRegen 0.12/turn               (no ring)
MPRegen 0.09/turn               (no ring)

@: no status effects
A: permanent stasis, dig shafts and tunnels, antennae 3, four strong arms
a: Dig, Shaft Self


You were on level 2 of the Dungeon.
You visited 1 branch of the dungeon, and saw 2 of its levels.

You collected 88 gold pieces.

Inventory:

Hand Weapons
 a - a +0 long sword (weapon)
Missiles
 f - 17 arrows
 g - 3 poisoned darts
Armour
 b - a +0 scale mail (worn)
 c - a +0 buckler (worn)
Jewellery
 l - a ring of resist corrosion
 m - a ring of protection from fire
Scrolls
 e - 2 scrolls of teleportation {unknown}
 i - 3 scrolls of identify {unknown}
 j - 3 scrolls of acquirement {unknown}
 k - a scroll of vulnerability {unknown}
Potions
 d - a potion of might
 h - a potion of haste {unknown}
 n - a potion of heal wounds {unknown}


   Skills:
 + Level 4.0 Fighting
 + Level 2.8 Long Blades
 + Level 4.0 Armour
 + Level 4.4 Shields


You had 3 spell levels left.
You didn't know any spells.
Your spell library contained the following spells:

 Spells                   Type           Power      Damage    Failure   Level
 Static Discharge         Conj/Air       0%         N/A       91%         2
 Dispel Undead            Necr           0%         3d6       100%        4
 Sticky Flame             Conj/Fire      0%         2d3       100%        4


Dungeon Overview and Level Annotations

Branches:
Dungeon (2/15)

Altars:

Annotations:
D:2 Natasha


Innate Abilities, Weirdness & Mutations

You cannot be hasted, slowed, berserked, paralysed or teleported.
You can dig through walls and to a lower floor.
You have a pair of large antennae on your head. (SInv)
Your four strong arms can wield two-handed weapons with a shield.


Message History

Natasha flickers and vanishes for a moment.
You hit Natasha.
Natasha is lightly wounded.
Natasha barely misses you.
Natasha zaps a wand.
The puff of flame hits you.
You barely miss Natasha.
Natasha is lightly wounded.
Natasha claws you but does no damage.
You barely miss Natasha.
Natasha is lightly wounded.
Natasha casts a spell.
You barely miss Natasha.
Natasha is lightly wounded.
Natasha claws you but does no damage.
The crimson imp blinks!
You closely miss Natasha.
Natasha is lightly wounded.
Natasha claws you. Natasha casts a spell at you. The magic dart hits you!
* * * LOW HITPOINT WARNING * * *
You barely miss Natasha.
Natasha is lightly wounded.
Natasha claws you.
* * * LOW HITPOINT WARNING * * *
You closely miss Natasha.
Natasha is lightly wounded.
Natasha stares at you and mumbles some strange words.
Your stasis prevents you from being slowed.
You slash Natasha!
Natasha is heavily wounded.
Natasha claws you.
* * * LOW HITPOINT WARNING * * *
Okay, then.
You barely miss Natasha.
Natasha is heavily wounded.
Natasha closely misses you.
Natasha zaps a wand.
The puff of flame hits you.
* * * LOW HITPOINT WARNING * * *
You hit Natasha.
Natasha is severely wounded.
Natasha zaps a wand.
The puff of flame hits you!
You die...

#.# #.# #.#.###.## ##. #)#
#.# #........# ## #.#
####.# #...#.#..# #
#.######....#
#####........# #
#.......)...#
#......##>##.######
########....#
#.###.###.##.......
#.........###.###.#
#.##..####.
#.####...###..5##.#
#.......... #.#
##.......@h..# ####..####.
#.#
######...##.######..#####
#.# ##.#..............#
#.# #.#.#.######..##.#
#.########
#.#.#.######.###.#
#........####.#.#........#
#.#
########.#......########.#
#.# #.#.##.### #.# #.#
#.#.##.######## #.# #.#


You could see Natasha (invisible) and a crimson imp (summoned).

Vanquished Creatures
  Natasha (D:2)
  An adder (D:2)
  A worm (D:2)
  4 dart slugs
  2 bats
  4 endoplasms
  A giant cockroach (D:2)
  6 hobgoblins
  5 jackals
  7 kobolds
  A quokka (D:2)
  2 ball pythons
  A frilled lizard (D:2)
  2 goblins
  7 rats
45 creatures vanquished.

Notes
Turn   | Place    | Note
-------+----------+-------------------------------------------
     0 | D:1      | hikkokomori the Formicid Fighter began the quest for the
                  | Orb.
     0 | D:1      | Reached XP level 1. HP: 18/18 MP: 1/1
   181 | D:1      | Reached XP level 2. HP: 24/24 MP: 2/2
   404 | D:1      | Reached XP level 3. HP: 22/29 MP: 3/3
  1374 | D:2      | Reached XP level 4. HP: 37/37 MP: 4/4
  1535 | D:2      | Found a faded altar of an unknown god.
  1569 | D:2      | Noticed Natasha
  1575 | D:2      | Killed Natasha
  2084 | D:2      | Noticed Natasha
  2098 | D:2      | Killed from afar by Natasha

Illustrated notes

Levels and vault maps discovered:
D:1:      wander_arrival_fairy_ring, layout_basic, chequers_serial_rivers_room_a
D:2:      layout_loops_ring, shapermc_ecumenical_altar_venn, uniq_natasha

Skill      XL: |  1  2  3  4 |
---------------+-------------+-----
Shields        | 4 |  4.4
Fighting       | 4 |  4.0
Armour         | 4 |  4.0
Long Blades    | |  2.8

Action                   |  1- 3 |  4- 6 || total
-------------------------+-------+-------++-------
Melee: Long sword        |    92 |    29 ||   121
Armor: Scale mail        |    44 |    12 ||    56
Dodge: Dodged            |    44 |    15 ||    59
Block: Buckler           |    22 |     8 ||    30
